 Dungeon Crawl Stone Soup version 0.28-a0-1632-g283549b12f (webtiles) character file.

Game seed: 15087928095291851350

14 Ijustatesigmund the Sneak (level 2, 0/19 HPs)
             Began as a Gargoyle Delver on Jan 25, 2022.
             Slain by a necrophage (2 damage)
             ... on level 5 of the Dungeon.
             The game lasted 00:01:19 (116 turns).

Ijustatesigmund the Sneak (Gargoyle Delver)          Turns: 116, Time: 00:01:20

Health: 0/19       AC:  8    Str: 15    XL:     2   Next: 45%
Magic:  2/2        EV: 11    Int: 10    God:
Gold:   41         SH:  0    Dex: 11    Spells: 1/1 levels left

rFire   . . .      SeeInvis .   a - +0 mace
rCold   . . .      Faith    .   (no shield)
rNeg    + . .      Spirit   .   b - +0 leather armour
rPois   ∞          Reflect  .   (no helmet)
rElec   +          Harm     .   (no cloak)
rCorr   .          Rampage  .   h - +2 pair of gloves
Will    .....                   (no boots)
Stlth   +++.......              (no amulet)
HPRegen 0.06/turn               (no ring)
MPRegen 0.08/turn               (no ring)

@: attractive, hasted, very quick
A: sickness immunity, AC +2, negative energy resistance 1, electricity
resistance, torment resistance 1, petrification resistance
a: no special abilities


You were on level 5 of the Dungeon.
You visited 1 branch of the dungeon, and saw 2 of its levels.

You collected 41 gold pieces.

Inventory:

Hand Weapons
 a - a +0 mace (weapon)
Armour
 b - a +0 leather armour (worn)
 h - a +2 pair of gloves (worn)
Wands
 g - a wand of digging (3)
Scrolls
 c - a scroll of fog
 d - a scroll of magic mapping
 e - a scroll of fear


   Skills:
 + Level 3.5 Fighting
 + Level 2.2 Maces & Flails
 + Level 1.8 Dodging
 + Level 5.6 Stealth


You had one spell level left.
You didn't know any spells.
Your spell library was empty.

Dungeon Overview and Level Annotations

Branches:
Dungeon (5/15)
 Temple: D:4-7

Altars:


Innate Abilities, Weirdness & Mutations

You are immune to sickness and miasma.
Your stone body is resilient. (AC +2)
You are immune to poison.
You resist negative energy. (rN+)
You are resistant to electric shocks. (rElec)
You are resistant to unholy torment.
You are immune to petrification.


Message History

The ufetubus hits you but does no damage.
You closely miss the ufetubus.
The ufetubus is lightly wounded.
The ufetubus hits you but does no damage. x2
The ufetubus hits you.
* * * LOW HITPOINT WARNING * * *
The ufetubus hits you but does no damage.
You hit the ufetubus.
The ufetubus is severely wounded.
The ufetubus hits you.
* * * LOW HITPOINT WARNING * * *
The ufetubus hits you but does no damage.
The ufetubus barely misses you.
The ufetubus hits you but does no damage.
You feel yourself speed up. The ufetubus closely misses you.
The ufetubus hits you but does no damage.
The kobold is attracted toward you. x2
The ufetubus barely misses you.
The ufetubus hits you but does no damage.
The adder is attracted toward you. The kobold is attracted toward you. x2
The adder is attracted toward you. The ufetubus is attracted toward you.
The adder is attracted toward you. The kobold is attracted toward you.
The ufetubus misses you. The ufetubus barely misses you.
The kobold is attracted toward you.
You hit the ufetubus.
You kill the ufetubus!
The kobold is attracted toward you.
You hit the adder but do no damage. The adder barely misses you.
The kobold is attracted toward you.
You sock the adder!
The adder is severely wounded.
The adder closely misses you.
You hit the adder.
You kill the adder!
You have reached level 2!
There is a stone staircase leading down here.
The kobold hits you but does no damage.
You climb downwards.
The necrophage hits you.
You die...

................#
................#
................#
................#
................#
................#
................##+####
###+#.K...............#
#..@...###+#......#
#.n....#...#......#
#......#...#......#
#......#...#......#
+......#...#......#
#......#'###.>....#
###+#........######
#........# #........#


You could see a necrophage and a kobold.

Vanquished Creatures
  An adder (D:4)
  An ufetubus (D:4)
2 creatures vanquished.

Notes
Turn   | Place    | Note
-------+----------+-------------------------------------------
     0 | D:5      | Ijustatesigmund the Gargoyle Delver began the quest for the
                  | Orb.
     0 | D:5      | Reached XP level 1. HP: 14/14 MP: 1/1
    28 | D:5      | Noticed a necrophage
    40 | D:4      | Noticed a hound
    66 | D:4      | Noticed an ogre
   114 | D:4      | Reached XP level 2. HP: 2/19 MP: 2/2
   116 | D:5      | Slain by a necrophage

Illustrated notes

Levels and vault maps discovered:
D:4:      layout_basic, lemuel_tele_altar, old_standard_altar,
          minmay_temple_entry_proselytizer
D:5:      minmay_recursive_quarters, layout_gridville, marbit_many_paths,
          uniq_eustachio

Action                   || total
-------------------------++-------
Melee: Mace              ||    11
  Use: Potion            ||     2
Armor: Leather armour    ||    16
Dodge: Dodged            ||    18

Table legend: (Time is in decaauts)
 A = Elapsed time spent in this place.
 B = Non-inter-level travel time spent in this place.
 C = Inter-level travel time spent in this place.
 D = Time resting spent in this place.
 E = Time spent auto-exploring this place.
 F = Levels seen in this place.
 G = Mean time per level.
                   A        B        C        D        E       F      G
               +--------+--------+--------+--------+--------+-----+--------+
         Total |    114 |    114 |      0 |      0 |     11 |   2 |   57.0 |
       Dungeon |    114 |    114 |      0 |      0 |     11 |   2 |   57.0 |
               +--------+--------+--------+--------+--------+-----+--------+

Top non-repeatable levels by time:
     D:4: 81 daAuts
     D:5: 33 daAuts
